 Dungeon Crawl Stone Soup version 0.18.1-50-g88ac8fd (webtiles) character file.

31 Gargoyl the Skirmisher (level 3, -8/30 HPs)
             Began as a Demonspawn Abyssal Knight on Sept 27, 2016.
             Was a Follower of Lugonu.
             Mangled by a small abomination (12 damage)
             ... on level 1 of the Abyss.
             The game lasted 00:00:46 (256 turns).

Gargoyl the Skirmisher (Demonspawn Abyssal Knight)   Turns: 256, Time: 00:00:46

Health: -8/30      AC:  9    Str:  9      XL:     3   Next: 7%
Magic:  4/4        EV: 10    Int: 13      God:    Lugonu [*.....]
Gold:   0          SH:  0    Dex:  7 (11) Spells: 0 memorised, 2 levels left

rFire  . . .     SeeInvis .     a - +1 hand axe
rCold  . . .     Gourm    .     d - +0 ring mail
rNeg   . . .     Faith    .     (no shield)
rPois  .         Spirit   .     (no helmet)
rElec  .         Dismiss  .     (no cloak)
rCorr  .         Reflect  .     (no gloves)
SustAt .         Harm     .     (no boots)
MR     .....                    (no amulet)
Stlth  ..........               (no ring)
                                (no ring)

@: not resistant to hostile enchantments, extremely unstealthy
A: rough black scales 1, weak 2, subdued magic 2
a: Depart the Abyss, Renounce Religion


You were on level 1 of the Abyss.
You worshipped Lugonu.
Lugonu was aware of your devotion.
You were not hungry.

You visited 0 branches of the dungeon, and saw 0 of its levels.
You visited the Abyss 1 time.

Inventory:

Hand Weapons
 a - a +1 hand axe (weapon)
Armour
 b - a +0 leather armour
 d - a +0 ring mail (worn)
Scrolls
 f - a scroll of identify {unknown}
Potions
 e - a potion of mutation {unknown}
 g - a potion of resistance {unknown}
Comestibles
 c - a bread ration


   Skills:
 + Level 3.7 Fighting
 + Level 1.8 Axes
 + Level 2.1 Armour
 + Level 1.2 Dodging
 + Level 2.5 Invocations


You had 2 spell levels left.
You didn't know any spells.

Dungeon Overview and Level Annotations

Branches:
Dungeon (0/15)

Altars:


Innate Abilities, Weirdness & Mutations

You are partially covered in rough black scales (AC +4, Dex -1).
[You are very weak. (Str -4)]
[Your spells are easier to cast, but less powerful.]


Message History

The worldbinder calls forth creatures from the Spider Nest!
The small abomination barely misses you.
The small abomination hits you.
The jumping spider disappears in a puff of smoke!
The worldbinder calls forth creatures from the Spider Nest!
The wretched star pulses with an eldritch light!
Your connection to magic feels subdued.
Your connection to magic feels more subdued.
The small abomination hits you.
The worldbinder calls forth creatures from the Spider Nest!
The worldbinder calls forth creatures from the Spider Nest!
The jumping spider leaps!
The small abomination hits you!
Ouch! That really hurt!
* * * LOW HITPOINT WARNING * * *
The jumping spider leaps!
The small abomination hits you but does no damage.
The worldbinder calls forth creatures from the Spider Nest!
The redback disappears in a puff of smoke! x2
The small abomination hits you!
You die...

### . . .#§ .## .
# #.# #.#.. *. . #
# #.# #.#####.#sx#
## ## #..#....# .#
#. ####.#*. ....#
.#. .##.. .####.#
###.#.######.#@# .
#. ##....##.x.# .#
#*.#..s..s§#.#.# #
##. ##.#..#...###
#.#s.####x#.#..#
..#.#s#.##.#.#..#
#...§.s...##.#...
######.#####..###.
### ##.. #


You could see a tarantella and a small abomination.

Vanquished Creatures
  A quasit (Abyss:1)
1 creature vanquished.

Notes
Turn   | Place    | Note
--------------------------------------------------------------
     0 | Abyss:1  | Gargoyl the Demonspawn Abyssal Knight began the quest for the Orb.
     0 | Abyss:1  | Reached XP level 1. HP: 18/18 MP: 2/2
   121 | Abyss:1  | Noticed a wretched star
   157 | Abyss:1  | Noticed a quasit
   181 | Abyss:1  | Killed a quasit
   181 | Abyss:1  | Reached skill level 1 in Dodging
   181 | Abyss:1  | Gained mutation: You are partially covered in rough black scales (AC +4, Dex -1). [demonic ancestry]
   181 | Abyss:1  | Reached XP level 2. HP: 14/25 MP: 3/3
   181 | Abyss:1  | Reached XP level 3. HP: 17/30 MP: 4/4
   233 | Abyss:1  | Noticed a small abomination
   234 | Abyss:1  | Noticed a worldbinder
   235 | Abyss:1  | Noticed a wretched star
   236 | Abyss:1  | Noticed a tarantella
   237 | Abyss:1  | Noticed a jumping spider
   246 | Abyss:1  | Noticed a redback
   247 | Abyss:1  | Noticed a jumping spider
   249 | Abyss:1  | Noticed a redback
   249 | Abyss:1  | Noticed a jumping spider
   256 | Abyss:1  | Noticed a tarantella
   256 | Abyss:1  | Noticed a jumping spider
   256 | Abyss:1  | Mangled by a small abomination

Skill      XL: |  1 |
---------------+----+-----
Armour         | 2 |  2.1
Dodging        | 1 |  1.2
Fighting       | |  3.7
Axes           | |  1.8
Invocations    | |  2.5

Action                   || total
-------------------------++-------
Melee: Hand axe          ||    24
Armor: Ring mail         ||    51
Dodge: Dodged            ||    49
